 Dungeon Crawl Stone Soup version 0.31.0-1-g2c135a0 (webtiles) character file.

Game seed: 4700146085873902912

20 bonegar the Magician (level 2, -3/15 HPs)
             Began as a Deep Elf Hedge Wizard on Mar 25, 2024.
             Slain by a ribbon worm (7 damage)
             ... on level 2 of the Dungeon.
             The game lasted 00:05:07 (499 turns).

bonegar the Magician (Deep Elf Hedge Wizard)         Turns: 499, Time: 00:05:18

Health: -3/15      AC:  2    Str:  7    XL:     2   Next: 58%
Magic:  6/9        EV:  6    Int: 18    God:
Gold:   40         SH:  0    Dex: 14    Spells: 9/10 levels left

rFire   . . .        a - +0 dagger
rCold   . . .        (no shield)
rNeg    . . .        b - +0 robe
rPois   .            c - +0 hat
rElec   .            (no cloak)
rCorr   .            (no gloves)
SInv    .            (no boots)
Will    .....        (no amulet)
Stlth   ++           (no ring)
HPRegen 0.22/turn    (no ring)
MPRegen 0.11/turn

%: no passive effects
@: held
A: no striking features
a: no special abilities


You were on level 2 of the Dungeon.
You visited 1 branch of the dungeon, and saw 2 of its levels.

You collected 40 gold pieces.

Inventory:

Hand Weapons
 a - a +0 dagger (weapon)
Armour
 b - a +0 robe (worn)
 c - a +0 hat (worn)
Scrolls
 g - a scroll of vulnerability {unknown}
Potions
 e - a potion of lignification {unknown}
 f - a potion of haste {unknown}


   Skills:
 + Level 2.6 Dodging
 + Level 2.7 Stealth
 + Level 4.6 Spellcasting
 + Level 1.5 Conjurations
 + Level 1.5 Summonings
 + Level 1.5 Translocations


You had 9 spell levels left.
You knew the following spells:

 Your Spells              Type           Power      Damage    Failure   Level
a - Magic Dart            Conj           36%        1d4       8%          1

Your spell library contained the following spells:

 Spells                   Type           Power      Damage    Failure   Level
 Blink                    Tloc           18%        N/A       11%         2
 Call Imp                 Summ           18%        N/A       11%         2
 Slow                     Hex            16%        N/A       14%         1
 Cigotuvi's Dreadful Rot  Necr/Alch/Air  8%         N/A       22%         2
 Mephitic Cloud           Conj/Alch/Air  6%         N/A       32%         3


Dungeon Overview and Level Annotations

Branches:
Dungeon (2/15)

Altars:


Message History

Casting: Magic Dart (safe; 8% risk of failure)
Confirm with . or Enter, or press ? or * to list all spells.
You don't know that spell.
The web tears apart.
The ribbon worm barely misses you.
You hit the ribbon worm but do no damage.
The ribbon worm is heavily wounded.
The ribbon worm bites you.
You hit the ribbon worm.
The ribbon worm is heavily wounded.
The ribbon worm expels a string of sticky webbing.
The stream of webbing hits you but does no damage.
You are caught in a web!
Unknown command.
Magic courses through your body.
The ribbon worm bites you but does no damage.
Casting: Magic Dart (safe; 8% risk of failure)
Confirm with . or Enter, or press ? or * to list all spells.
Aiming: Magic Dart (safe; 8% risk of failure)
Press: ? - help, Shift-Dir - straight line, f/p - ribbon worm
Aim: a ribbon worm (moderately wounded, catching its breath, 100% to hit)
The magic dart hits the ribbon worm.
The ribbon worm is moderately wounded.
Casting: Magic Dart (safe; 8% risk of failure)
Confirm with . or Enter, or press ? or * to list all spells.
Aiming: Magic Dart (safe; 8% risk of failure)
Press: ? - help, Shift-Dir - straight line, f/p - ribbon worm
Aim: a ribbon worm (moderately wounded, catching its breath, 100% to hit)
The magic dart hits the ribbon worm.
The ribbon worm is heavily wounded.
The ribbon worm bites you!
* * * LOW HITPOINT WARNING * * *
Casting: Magic Dart (safe; 8% risk of failure)
Confirm with . or Enter, or press ? or * to list all spells.
Aiming: Magic Dart (safe; 8% risk of failure)
Press: ? - help, Shift-Dir - straight line, f/p - ribbon worm
Aim: a ribbon worm (heavily wounded, catching its breath, 100% to hit)
The magic dart hits the ribbon worm.
The ribbon worm is severely wounded.
The ribbon worm bites you!
You die...

#. ........###.
##.......<..)..
..............#
..............
#..##......#####
###..............
......w.......#
.......@#...#
..<#.##.#..†# #
#...#.#.#
#.#.#.#.###.#
...#.#.#.....# .
# #####.....#####
#.##.####
###.>...... ..
...# #.#.###..
#.##†######.#.#


You could see a ribbon worm (catching breath).

Vanquished Creatures
  An adder (D:2)
  2 ball pythons
  2 giant cockroaches (D:2)
  3 hobgoblins (D:1)
  A bat (D:1)
  A frilled lizard (D:1)
  A rat (D:2)
11 creatures vanquished.

Notes
Turn   | Place    | Note
-------+----------+-------------------------------------------
     0 | D:1      | bonegar the Deep Elf Hedge Wizard began the quest for the
                  | Orb.
     0 | D:1      | Reached XP level 1. HP: 10/10 MP: 7/7
    63 | D:1      | Found a faded altar of an unknown god.
   166 | D:1      | You fall into a shaft and drop 1 floor!
   348 | D:2      | Reached XP level 2. HP: 15/15 MP: 2/9
   499 | D:2      | Slain by a ribbon worm

Illustrated notes

Levels and vault maps discovered:
D:1:      tarquinn_simple_flora_water_c, layout_rooms,
          dreamdust_ecumenical_altar_statues, serial_forest,
          infiniplex_forest_clump_diagonal, infiniplex_forest_corner_1,
          infiniplex_forest_lined_room_, infiniplex_forest_lined_room_3,
          infiniplex_forest_end_2, infiniplex_forest_end_1,
          infiniplex_forest_lined_ring
D:2:      layout_basic

Action                     || total
---------------------------++-------
  Melee: Dagger            ||    13
   Cast: Magic Dart        ||    38
    Use: Potion            ||     1
 Armour: Robe              ||    14
  Dodge: Dodged            ||    18
